 Dungeon Crawl Stone Soup version 0.30-b1-2-g02819fbbbe (webtiles) character file.

Game seed: 15841008494029608319

130 Flibulle the Grave Robber (level 5, -2/38 HPs)
             Began as a Hill Orc Necromancer on July 12, 2023.
             Slain by an orc
             ... wielding a +1 trident of flaming
              (4 damage)
             ... on level 4 of the Dungeon.
             The game lasted 00:44:11 (2827 turns).

Flibulle the Grave Robber (Hill Orc Necromancer)    Turns: 2827, Time: 00:44:11

Health: -2/38      AC:  5    Str: 19    XL:     5   Next: 13%
Magic:  1/7        EV: 12    Int: 18    God:
Gold:   146        SH:  0    Dex: 11    Spells: 6/7 levels left

rFire   . . .        g - +0 spear
rCold   . . .        (no shield)
rNeg    . . .        o - +1 robe of Cynicism {Int+3}
rPois   .            (no helmet)
rElec   .            u - +0 cloak
rCorr   .            (no gloves)
SInv    +            n - +0 pair of boots
Will    .....        i - amulet of the acrobat
Stlth   ++           p - ring of see invisible
HPRegen 0.26/turn    t - +6 ring of strength
MPRegen 0.10/turn

%: acrobat
@: no status effects
A: no striking features
a: no special abilities


You were on level 4 of the Dungeon.
You visited 1 branch of the dungeon, and saw 4 of its levels.

You collected 146 gold pieces.

Inventory:

Hand Weapons
 g - a +0 spear (weapon)
Missiles
 d - 29 stones
 w - 3 poisoned darts
Armour
 n - a +0 pair of boots (worn)
 o - the +1 robe of Cynicism (worn) {Int+3}
   (You found it on level 2 of the Dungeon)

   Int:       It affects your intelligence (+3).
 u - a +0 cloak (worn)
Jewellery
 i - an amulet of the acrobat (around neck)
 p - a ring of see invisible (left hand)
 t - a +6 ring of strength (right hand)
Scrolls
 c - 2 scrolls of enchant armour {unknown}
 f - a scroll of blinking {unknown}
 j - a scroll of immolation {unknown}
 k - 3 scrolls of noise {unknown}
 q - a scroll of identify {unknown}
 r - a scroll of fog {unknown}
Potions
 a - a potion of invisibility {unknown}
 b - a potion of magic
 e - 2 potions of curing {unknown}
 h - 2 potions of haste {unknown}
 l - a potion of mutation {unknown}
 m - a potion of flight {unknown}
 s - a potion of degeneration {unknown}
 v - a potion of berserk rage {unknown}


   Skills:
 - Level 1.5 Dodging
 - Level 1.5 Stealth
 - Level 1.5 Spellcasting
 + Level 6.3 Necromancy


You had 6 spell levels left.
You knew the following spells:

 Your Spells              Type           Power      Damage    Failure   Level
a - Necrotise             Necr           96%        1d8       1%          1

Your spell library contained the following spells:

 Spells                   Type           Power      Damage    Failure   Level
 Vampiric Draining        Necr           24%        2d7       4%          3
 Animate Dead             Necr           24%        N/A       14%         4
 Agony                    Necr           24%        N/A       36%         5
 Ozocubu's Armour         Ice            1%         N/A       50%         3
 Metabolic Englaciation   Hex/Ice        0%         N/A       99%         5
 Simulacrum               Ice/Necr       6%         N/A       100%        6


Dungeon Overview and Level Annotations

Branches:
Dungeon (4/15)
 Temple: D:4-7

Altars:
Lugonu

Portals:
Abyss: D:3

Annotations:
D:3 Grinder


Message History

You reach to attack!
You barely miss the orc.
The orc is almost dead.
The orc barely misses you.
Reach: g) +0 spear
Press: ? - help, Dir - move target, f/p - orc
Aim: an orc, wielding a +1 trident of flaming (almost dead, about 43% to evade your +0 spear)
You reach to attack!
You hit the orc but do no damage.
The orc is almost dead.
The orc hits you but does no damage.
Reach: g) +0 spear
Press: ? - help, Dir - move target, f/p - orc
Aim: an orc, wielding a +1 trident of flaming (almost dead, about 43% to evade your +0 spear)
You reach to attack!
You barely miss the orc.
The orc is almost dead.
The orc hits you from afar with a +1 trident of flaming.
The orc burns you.
* * * LOW HITPOINT WARNING * * *
Unknown command.
Reach: g) +0 spear
Press: ? - help, Dir - move target, f/p - orc
Aim: an orc, wielding a +1 trident of flaming (almost dead, about 43% to evade your +0 spear)
You reach to attack!
You barely miss the orc.
The orc is almost dead.
The orc hits you from afar with a +1 trident of flaming.
* * * LOW HITPOINT WARNING * * *
The orc burns you.
* * * LOW HITPOINT WARNING * * *
Reach: g) +0 spear
Press: ? - help, Dir - move target, f/p - orc
Aim: an orc, wielding a +1 trident of flaming (almost dead, about 43% to evade your +0 spear)
You reach to attack!
You barely miss the orc.
The orc is almost dead.
The orc hits you from afar with a +1 trident of flaming.
* * * LOW HITPOINT WARNING * * *
The orc burns you.
* * * LOW HITPOINT WARNING * * *
You closely miss the orc.
The orc is almost dead.
The orc hits you with a +1 trident of flaming.
You die...

....# ...#
...# .... ...#
#..# ....##
#..# ......
#..#####......
#..#..........
#.@#..........
#..o..<.......
####..........
...####....##
..... ....#
...... ...#
...... ...#
###### ###


You could see an orc.

Vanquished Creatures
  A scorpion (D:4)
  An adder (D:2)
  A worm (D:2)
  A dart slug (D:2)
  3 orcs
  6 ball pythons
  5 endoplasms
  2 giant cockroaches (D:1)
  3 goblins
  4 hobgoblins
  2 jackals (D:3)
  A quokka (D:1)
  3 bats
  6 frilled lizards
  4 kobolds
  6 rats
49 creatures vanquished.

Vanquished Creatures (collateral kills)
  A ball python (D:1)
  A goblin (D:1)
  A rat (D:3)
3 creatures vanquished.

Vanquished Creatures (others)
  2 lurking horrors (D:3)
2 creatures vanquished.

Grand Total: 54 creatures vanquished

Notes
Turn   | Place    | Note
-------+----------+-------------------------------------------
     0 | D:1      | Flibulle the Hill Orc Necromancer began the quest for the
                  | Orb.
     0 | D:1      | Reached XP level 1. HP: 14/14 MP: 3/3
   187 | D:1      | Reached XP level 2. HP: 15/20 MP: 0/4
   743 | D:1      | You fall into a shaft and drop 1 floor!
   890 | D:1      | Reached XP level 3. HP: 26/26 MP: 2/5
  1216 | D:2      | Reached skill level 5 in Necromancy
  1482 | D:2      | Identified the +1 robe of Cynicism {Int+3}
  2237 | D:3      | Reached XP level 4. HP: 24/33 MP: 2/6
  2331 | D:3      | Noticed Grinder
  2448 | D:3      | Paralysed by Grinder for 5 turns
  2588 | D:3      | Found a corrupted altar of Lugonu.
  2588 | D:3      | Found a one-way gate to the infinite horrors of the Abyss.
  2795 | D:4      | Noticed a scorpion
  2808 | D:4      | Killed a scorpion
  2809 | D:4      | Reached skill level 6 in Necromancy
  2809 | D:4      | Reached XP level 5. HP: 29/38 MP: 0/7
  2827 | D:4      | Slain by an orc

Illustrated notes

Levels and vault maps discovered:
D:1:      zaba_arrival_water, layout_basic, minivault_27
D:2:      layout_loops_cross
D:3:      layout_rooms, amcnicky_altar_lugonu_corruption, uniq_grinder
D:4:      layout_gridville, serial_shops, nicolae_shop_waterfront,
          nicolae_kite_square_tiling_tiny, kennysheep_flooded_box, uniq_ijyb

Skill      XL: |  1  2  3  4 |
---------------+-------------+-----
Necromancy     | 5 6 |  6.3
Dodging        | |  1.5
Stealth        | |  1.5
Spellcasting   | |  1.5

Action                     |  1- 3 |  4- 6 || total
---------------------------+-------+-------++-------
  Melee: Unarmed           |    15 |       ||    15
         Spear             |    26 |    25 ||    51
   Cast: Necrotise         |    69 |    16 ||    85
 Armour: Robe              |    19 |    10 ||    29
  Dodge: Dodged            |    43 |    32 ||    75
